 Dungeon Crawl Stone Soup version 0.30.1 (webtiles) character file.

Game seed: 3619470227193138624

132 safid the Chiller (level 5, -4/39 HPs)
             Began as a Merfolk Ice Elementalist on July 5, 2023.
             Splashed by a jelly's acid (7 damage)
             ... on level 4 of the Dungeon.
             The game lasted 00:03:18 (2068 turns).

safid the Chiller (Merfolk Ice Elementalist)        Turns: 2068, Time: 00:03:19

Health: -4/39      AC: -10   Str:  8    XL:     5   Next: 15%
Magic:  7/9        EV: 12    Int: 16    God:
Gold:   150        SH:  0    Dex: 15    Spells: 3/10 levels left

rFire   . . .        t - +1 dagger (venom)
rCold   . . .        (no shield)
rNeg    + . .        a - +0 robe
rPois   .            (no helmet)
rElec   .            (no cloak)
rCorr   .            (no gloves)
SInv    .            (no boots)
Will    .....        (no amulet)
Stlth   ++           r - ring of positive energy
HPRegen 0.26/turn    (no ring)
MPRegen 0.11/turn

%: no passive effects
@: corroded
A: (nimble swimmer 2), mertail
a: no special abilities


You were on level 4 of the Dungeon.
You visited 1 branch of the dungeon, and saw 4 of its levels.

You collected 150 gold pieces.

Inventory:

Hand Weapons
 d - a +1 sling of flaming
 t - a +1 dagger of venom (weapon)
Armour
 a - a +0 robe (worn)
Jewellery
 r - a ring of positive energy (left hand)
Scrolls
 c - a scroll of brand weapon {unknown}
 e - 2 scrolls of enchant armour {unknown}
 f - a scroll of silence {unknown}
 k - a scroll of poison {unknown}
 l - a scroll of magic mapping {unknown}
 m - 2 scrolls of immolation {unknown}
 o - 2 scrolls of blinking {unknown}
 p - 2 scrolls of teleportation {unknown}
 s - 2 scrolls of identify {unknown}
Potions
 b - a potion of magic
 g - 2 potions of flight {unknown}
 h - a potion of might {unknown}
 i - 2 potions of mutation {unknown}
 j - a potion of berserk rage {unknown}
 n - a potion of curing {unknown}
 q - a potion of brilliance {unknown}
 u - a potion of degeneration {unknown}


   Skills:
 + Level 2.7 Fighting
 - Level 2.6 Dodging
 - Level 2.1 Stealth
 + Level 3.1 Spellcasting
 + Level 5.4 Ice Magic


You had 3 spell levels left.
You knew the following spells:

 Your Spells              Type           Power      Damage    Failure   Level
a - Freeze                Ice            76%        1d8       1%          1
b - Frozen Ramparts       Ice            38%        1d6       6%          3
c - Ozocubu's Armour      Ice            19%        N/A       6%          3

Your spell library contained the following spells:

 Spells                   Type           Power      Damage    Failure   Level
 Magic Dart               Conj           8%         1d3       19%         1
 Call Imp                 Summ           4%         N/A       28%         2
 Gell's Gravitas          Tloc           2%         N/A       50%         3
 Mephitic Cloud           Conj/Pois/Air  2%         N/A       50%         3
 Teleport Other           Tloc           2%         N/A       50%         3
 Summon Ice Beast         Ice/Summ       11%        N/A       52%         4
 Olgreb's Toxic Radiance  Pois           2%         N/A       88%         4
 Dispersal                Tloc           1%         N/A       100%        6
 Discord                  Hex            1%         N/A       100%        8
 Ignition                 Fire           1%         3d3       100%        8


Dungeon Overview and Level Annotations

Branches:
Dungeon (4/15)
 Temple: D:4-7

Altars:
Okawaru
Qazlal
Ru


Innate Abilities, Weirdness & Mutations

((You are very nimble when in or above water. (Stealth+, EV+, Speed+++)))
Your lower body shifts to a powerful aquatic tail in water.


Message History

The helpless adder fails to defend itself.
You puncture the adder!
You kill the adder!
No target in view!
A kobold comes into view. It is wielding a +0 short sword.
A jelly comes into view.
The kobold shouts!
The kobold hits you with a +0 short sword.
You hit the kobold.
The kobold is poisoned.
The kobold is moderately wounded.
The kobold closely misses you.
You hit the kobold.
You kill the kobold!
The jelly hits you. The acid corrodes you!
You are splashed with acid!
You hit the jelly but do no damage.
The jelly is poisoned.
The acid corrodes you!
Your hands burn!
The jelly hits you. The acid corrodes you!
You are splashed with acid.
You are too injured to fight recklessly!
You are too injured to fight recklessly!
Unknown command.
Casting: Frozen Ramparts (dangerous; 6% risk of failure)
Confirm with . or Enter, or press ? or * to list all spells.
Aiming: Freeze (safe; 1% risk of failure)
Press: ? - help, Shift-Dir - straight line, f - jelly
Aim: a jelly (very poisoned)
You freeze the jelly.
The jelly is lightly wounded.
The jelly hits you. The acid corrodes you!
You are splashed with acid!
* * * LOW HITPOINT WARNING * * *
Casting: Freeze (safe; 1% risk of failure)
Confirm with . or Enter, or press ? or * to list all spells.
Aiming: Freeze (safe; 1% risk of failure)
Press: ? - help, Shift-Dir - straight line, f/p - jelly
Aim: a jelly (lightly wounded, very poisoned)
You freeze the jelly.
The jelly is heavily wounded.
The jelly hits you.
* * * LOW HITPOINT WARNING * * *
You are splashed with acid!
You die...

#.......#
#..<
#.......#
#...
##.......#
#...
#........#
#...
#........#
#...
#........#
#...
#........#
#...
#........#
####
###.@....#
#.)J...#
#......#
#......#
#......#
########


You could see a jelly (very poisoned).

Vanquished Creatures
  6 adders
  4 worms
  A dart slug (D:1)
  4 orcs (D:3)
  4 ball pythons
  6 bats
  3 giant cockroaches (D:1)
  6 goblins
  7 hobgoblins
  4 jackals (D:2)
  A quokka (D:1)
  3 frilled lizards
  5 kobolds
  4 rats
58 creatures vanquished.

Notes
Turn   | Place    | Note
-------+----------+-------------------------------------------
     0 | D:1      | safid the Merfolk Ice Elementalist began the quest for the
                  | Orb.
     0 | D:1      | Reached XP level 1. HP: 13/13 MP: 3/3
   166 | D:1      | Reached XP level 2. HP: 20/20 MP: 5/5
   176 | D:1      | Reached skill level 1 in Fighting
   368 | D:1      | Reached XP level 3. HP: 26/26 MP: 6/6
   372 | D:1      | Learned a level 3 spell: Frozen Ramparts
   807 | D:2      | Learned a level 3 spell: Ozocubu's Armour
  1008 | D:2      | Reached skill level 5 in Ice Magic
  1008 | D:2      | Reached XP level 4. HP: 33/33 MP: 6/8
  1588 | D:3      | Found an iron altar of Okawaru.
  1609 | D:3      | Found a stormy altar of Qazlal.
  1713 | D:3      | Found a faded altar of an unknown god.
  1721 | D:3      | Reached XP level 5. HP: 33/39 MP: 9/9
  1874 | D:3      | Found a sacrificial altar of Ru.
  2068 | D:4      | Splashed by a jelly's acid

Illustrated notes

Levels and vault maps discovered:
D:1:      lightli_arrival_noodles, layout_basic
D:2:      minmay_spotlight, layout_basic
D:3:      layout_rooms, nicolae_ru_the_path_less_chosen, okawaru_trees_2,
          overflow_temple_1_default, shapermc_ecumenical_altar_mp_highgroup,
          minivault_25
D:4:      layout_gridville, mainiacjoe_overflow_paths, lightli_temple_of_fire,
          corexii_checkpoint_a, uniq_eustachio

Skill      XL: |  1  2  3  4 |
---------------+-------------+-----
Fighting       | 1 2 |  2.7
Ice Magic      | 5 |  5.4
Spellcasting   | 3 |  3.1
Dodging        | |  2.6
Stealth        | |  2.1

Action                     |  1- 3 |  4- 6 || total
---------------------------+-------+-------++-------
  Melee: Unarmed           |     3 |       ||     3
         Dagger            |       |    47 ||    47
   Fire: Sling             |    89 |    13 ||   102
   Cast: Freeze            |     7 |     2 ||     9
         Frozen Ramparts   |       |     2 ||     2
   Stab: Sleeping          |       |     2 ||     2
 Armour: Robe              |    10 |     8 ||    18
  Dodge: Dodged            |    34 |    39 ||    73
